 Dungeon Crawl Stone Soup version 0.25-a0-634-gd1561dc703 (webtiles) character file.

Game seed: 8665221886563785865, levelgen mode: deterministic

16 An17 the Sneak (level 2, 15/15 HPs)
             Began as a Vine Stalker Assassin on Mar 20, 2020.
             Got out of the dungeon alive.
             The game lasted 00:01:53 (527 turns).

An17 the Sneak (Vine Stalker Assassin)               Turns: 527, Time: 00:01:53

Health: 15/15      AC:  4    Str: 13    XL:     2   Next: 58%
Magic:  3/3        EV: 11    Int: 11    God:
Gold:   38         SH:  0    Dex: 15    Spells: 1/1 levels left

rFire    . . .     SeeInvis .   a - +2 dagger
rCold    . . .     Gourm    .   (no shield)
rNeg     + . .     Faith    .   b - +1 robe
rPois    .         Spirit   +   (no helmet)
rElec    .         Reflect  .   c - +0 cloak
rCorr    .         Harm     .   (no gloves)
MR       .....                  (no boots)
Stlth    +++.......             (no amulet)
HPRegen  0.05/turn              h - ring of positive energy
MPRegen  0.08/turn              (no ring)

@: no status effects
A: fangs 2, magic shield, antimagic bite, no potion heal 3, rot immunity
a: no special abilities


You escaped.
You were not hungry.

You visited 1 branch of the dungeon, and saw 1 of its levels.

You collected 38 gold pieces.

Inventory:

Hand Weapons
 a - a +2 dagger (weapon)
Missiles
 d - 8 poisoned darts (quivered)
 e - 2 curare-tipped darts
Armour
 b - a +1 robe (worn)
 c - a +0 cloak (worn)
Jewellery
 h - a ring of positive energy (left hand)
Potions
 g - a potion of berserk rage {unknown}
 i - a potion of curing {unknown}
 j - a potion of flight {unknown}
Comestibles
 f - 4 rations


   Skills:
 + Level 1.8 Fighting
 + Level 1.8 Short Blades
 + Level 1.8 Throwing
 + Level 0.7 Dodging
 + Level 5.7 Stealth


You had one spell level left.
You didn't know any spells.
Your spell library was empty.

Dungeon Overview and Level Annotations

Branches:
Dungeon (1/15)

Altars:


Innate Abilities, Weirdness & Mutations

You have extremely sharp teeth.
When hurt, damage is shared between your health and your magic reserves.
Your bite disrupts and absorbs the magic of your enemies.
Potions cannot restore your health.
You are immune to rotting.


Message History

The bat barely misses you. The bat barely misses you.
The bat closely misses you. The bat hits you. The bat closely misses you.
The bat closely misses you. The bat hits you but does no damage.
The bat barely misses you.
You closely miss the bat. The bat hits you but does no damage.
You hit the bat.
You kill the bat!
No target in view!
No target in view!
You see here a bat corpse.
You now have 38 gold pieces (gained 7).
You see here a spear.
f - 4 rations (gained 1)
There is a staircase leading out of the dungeon here.
Are you sure you want to leave the Dungeon?
This will make you lose the game!
You have escaped!

#........##..........#.### .....
#........#...........#...# ....#
##......#...≈≈≈.≈≈≈..#.#.#......
#.........≈≈....♣≈≈..##.#......
#........≈≈.♣..8..≈≈..#........
#....#..≈≈.........≈≈.......#.#
#....##.≈.....♣.....≈.......#..
#....##.≈..8.....♣..≈..##.#.#..
##......≈≈.♣..@.8..≈≈.#........
#.†.....≈≈.......≈≈..#........
#........≈≈.....≈≈..##........
#.....##..≈≈≈≈≈≈≈.....####....
##.....###.........#[..#.......
#......##....#######...#.##....
#......................# #....
#...................... ...#.#
#...##................. ###.#..


There were no monsters in sight!

Vanquished Creatures
  A dart slug (D:1)
  2 bats (D:1)
  A giant cockroach (D:1)
  3 goblins (D:1)
  2 hobgoblins (D:1)
  A frilled lizard (D:1)
  3 kobolds (D:1)
  A rat (D:1)
14 creatures vanquished.

Notes
Turn   | Place    | Note
-------+----------+-------------------------------------------
     0 | D:1      | An17 the Vine Stalker Assassin began the quest for the Orb.
     0 | D:1      | Reached XP level 1. HP: 11/11 MP: 2/2
    73 | D:1      | Reached skill level 5 in Stealth
   118 | D:1      | Reached XP level 2. HP: 15/15 MP: 3/3
   527 | D:$      | Got out of the dungeon alive.

Levels and vault maps discovered:
D:1:      moated_graveyard_arrival, layout_basic, minmay_statues_item

Skill      XL: |  1 |
---------------+----+-----
Stealth        | 5 |  5.7
Fighting       | |  1.8
Short Blades   | |  1.8
Throwing       | |  1.8
Dodging        | |  0.7

Action                   || total
-------------------------++-------
Melee: Dagger            ||    29
       Bite              ||     6
  Use: Scroll            ||     2
 Stab: Sleeping          ||     6
Armor: Robe              ||     8
Dodge: Dodged            ||    15

Table legend:
 A = Non-vault XP
 B = Vault XP
 C = Vault XP percentage of total XP
 D = Non-vault monster count
 E = Vault monster count
 F = Vault count percentage of total count
                 A         B        C        D         E       F
            +---------+---------+-------+---------+---------+-------
      Total |      24 |       0 |   0.0 |      14 |       0 |   0.0
            +---------+---------+-------+---------+---------+-------
        D:1 |      24 |       0 |   0.0 |      14 |       0 |   0.0
            +---------+---------+-------+---------+---------+-------
